[ AOE2 MATCH · #506118003 ]
UnrankedIncas vs Koreans
Player's team · LOSS
Rival team · WIN
[ REPLAY ANALYSIS · EXTRACTED FROM THE RECORDED GAME ]
Feudal
—
Castle
—
Imperial
—
| APM avg | 54.4 |
| APM peak | 71 |
| eAPM avg | 18.5 |
| Villagers / military | 31 / 0 |
Focus
⚔️ 32.3% · 🌾 67.7%
Feudal
—
Castle
—
Imperial
—
| APM avg | 57.0 |
| APM peak | 77 |
| eAPM avg | 21.6 |
| Villagers / military | 32 / 0 |
Focus
⚔️ 33.3% · 🌾 66.7%
Match map
Initial resources + every placement click. Lines = walls · curves = elevation contours. ◆ gold · ⬟ stone · ● berries · ✦ relic · ◌ wall gap
Your base
Leto Apor's base
Smoothed initial terrain · ◌ = detected wall gap · hover for details
Inputs per minute
— Hemingway - - Leto Apor
Build order — Hemingway
39 actions detected in the replay
| 0:02 | Queue | Villager (Male) |
| 0:02 | Queue | Villager (Male) |
| 0:02 | Queue | Villager (Male) |
| 0:04 | Build | House |
| 0:06 | Research | Loom |
| 0:06 | Research | Loom |
| 0:12 | Build | House |
| 0:49 | Queue | Villager (Male) |
| 0:50 | Queue | Villager (Male) |
| 1:13 | Build | Settlement |
| 1:24 | Queue | Villager (Male) |
| 2:01 | Build | Settlement |
| 2:09 | Queue | Villager (Male) |
| 2:53 | Queue | Villager (Male) |
| 3:17 | Queue | Villager (Male) |
| 3:25 | Queue | Villager (Male) |
| 4:02 | Queue | Villager (Male) |
| 4:02 | Queue | Villager (Male) |
| 4:18 | Queue | Villager (Male) |
| 4:18 | Queue | Villager (Male) |
| 4:45 | Queue | Villager (Male) |
| 5:00 | Queue | Villager (Male) |
| 5:05 | Build | Settlement |
| 5:28 | Queue | Villager (Male) |
| 5:37 | Queue | Villager (Male) |
| 5:37 | Queue | Villager (Male) |
| 5:41 | Queue | Villager (Male) |
| 6:00 | Queue | Villager (Male) |
| 6:08 | Build | Barracks |
| 6:32 | Queue | Villager (Male) |
| 6:35 | Queue | Villager (Male) |
| 6:35 | Queue | Villager (Male) |
| 6:36 | Queue | Villager (Male) |
| 6:55 | Queue | Villager (Male) |
| 6:55 | Queue | Villager (Male) |
| 7:11 | Queue | Villager (Male) |
| 8:09 | Queue | Villager (Male) |
| 8:09 | Queue | Villager (Male) |
| 8:09 | Queue | Villager (Male) |
Build order — Leto Apor
45 actions detected in the replay
| 0:01 | Queue | Villager (Male) |
| 0:02 | Queue | Villager (Male) |
| 0:06 | Build | House |
| 0:08 | Research | Loom |
| 0:08 | Research | Loom |
| 0:35 | Queue | Villager (Male) |
| 0:54 | Queue | Villager (Male) |
| 1:02 | Build | House |
| 1:20 | Queue | Villager (Male) |
| 1:40 | Queue | Villager (Male) |
| 1:50 | Queue | Villager (Male) |
| 2:12 | Build | House |
| 2:15 | Queue | Villager (Male) |
| 2:19 | Queue | Villager (Male) |
| 2:36 | Queue | Villager (Male) |
| 3:04 | Queue | Villager (Male) |
| 3:04 | Queue | Villager (Male) |
| 3:07 | Build | House |
| 3:28 | Queue | Villager (Male) |
| 3:28 | Queue | Villager (Male) |
| 3:45 | Queue | Villager (Male) |
| 3:56 | Queue | Villager (Male) |
| 4:15 | Build | House |
| 4:17 | Queue | Villager (Male) |
| 4:18 | Queue | Villager (Male) |
| 4:38 | Queue | Villager (Male) |
| 4:38 | Queue | Villager (Male) |
| 4:51 | Build | House |
| 4:57 | Queue | Villager (Male) |
| 5:27 | Queue | Villager (Male) |
| 5:41 | Queue | Villager (Male) |
| 5:54 | Queue | Villager (Male) |
| 6:13 | Queue | Villager (Male) |
| 6:14 | Queue | Villager (Male) |
| 6:21 | Queue | Villager (Male) |
| 6:23 | Build | Lumber Camp |
| 6:36 | Queue | Villager (Male) |
| 7:01 | Queue | Villager (Male) |
| 7:02 | Queue | Villager (Male) |
| 7:06 | Build | Mill |
| 7:27 | Queue | Villager (Male) |
| 7:32 | Build | House |
| 7:42 | Research | Feudal Age |
| 7:42 | Research | Feudal Age |
| 8:10 | Queue | Villager (Male) |
Match timeline
| 6:08 | Hemingway · first_building Barracks |
| 8:19 | Hemingway · resign |
[ AI ANALYSIS · 1 CREDIT ]
What really happened in this match?
Wolo.gg analyzes every decision: build order, eco, micro, common mistakes by bracket. Personalized analysis on WhatsApp or Discord in 30 seconds.
Civ guide
Incas
Perfil
Jugador #19335431